 Dungeon Crawl Stone Soup version 0.29.1-12-g30fa7ad0bf (webtiles) character file.

Game seed: 14704127852353466961

67 kingofthe the Caller (level 4, 0/30 HPs)
             Began as a Merfolk Summoner on Jan 14, 2023.
             Slain by an orc
             ... wielding a +0 dagger
              (1 damage)
             ... on level 2 of the Dungeon.
             The game lasted 00:07:47 (2673 turns).

kingofthe the Caller (Merfolk Summoner)             Turns: 2673, Time: 00:07:47

Health: 0/30       AC:  6    Str:  8    XL:     4   Next: 18%
Magic:  1/7        EV: 13    Int: 14    God:
Gold:   86         SH:  0    Dex: 16    Spells: 4/8 levels left

rFire   . . .      SeeInvis .   d - +0 spear
rCold   . . .      Faith    .   (no shield)
rNeg    . . .      Spirit   .   a - +0 robe
rPois   .          Reflect  .   (no helmet)
rElec   .          Harm     .   g - +0 cloak
rCorr   .          Rampage  .   (no gloves)
Will    .....                   f - +2 pair of boots
Stlth   ++........              (no amulet)
HPRegen 0.10/turn               (no ring)
MPRegen 0.10/turn               (no ring)

@: brilliant
A: (nimble swimmer 2), mertail
a: no special abilities


You were on level 2 of the Dungeon.
You visited 1 branch of the dungeon, and saw 2 of its levels.

You collected 86 gold pieces.

Inventory:

Hand Weapons
 d - a +0 spear (weapon)
Armour
 a - a +0 robe (worn)
 c - a +0 buckler
 f - a +2 pair of boots (worn)
 g - a +0 cloak (worn)
Magical Staves
 r - a staff of conjuration
Jewellery
 e - an amulet of faith
Scrolls
 h - a scroll of magic mapping {unknown}
 i - a scroll of fear {unknown}
 j - 2 scrolls of blinking {unknown}
 l - a scroll of poison
 o - 2 scrolls of identify {unknown}
 q - a scroll of immolation {unknown}
 s - a scroll of enchant armour {unknown}
Potions
 b - 2 potions of magic
 k - a potion of berserk rage {unknown}
 m - a potion of haste {unknown}
 n - a potion of brilliance
 p - a potion of curing {unknown}


   Skills:
 + Level 3.6 Dodging
 - Level 3.0 Stealth
 + Level 2.6 Spellcasting
 * Level 4.5 Summonings


You had 4 spell levels left.
You knew the following spells:

 Your Spells              Type           Power      Damage    Failure   Level
a - Summon Small Mammal   Summ           84%        N/A       3%          1
b - Call Canine Familiar  Summ           21%        N/A       11%         3

Your spell library contained the following spells:

 Spells                   Type           Power      Damage    Failure   Level
 Call Imp                 Summ           21%        N/A       5%          2
 Summon Guardian Golem    Hex/Summ       12%        N/A       26%         3
 Summon Lightning Spire   Summ/Air       12%        N/A       65%         4


Dungeon Overview and Level Annotations

Branches:
Dungeon (2/15)

Altars:


Innate Abilities, Weirdness & Mutations

((You are very nimble when in or above water. (Stealth+, EV+, Speed+++)))
Your lower body shifts to a powerful aquatic tail in water.


Message History

* * * LOW HITPOINT WARNING * * *
The phantom blinks!
You blink.
Found an escape hatch in the floor.
Your hound is engulfed in poison gas.
Your hound is poisoned.
The phantom attacks as you move away! The phantom hits you.
* * * LOW HITPOINT WARNING * * *
Your hound is engulfed in poison gas.
Your hound looks even sicker.
Your hound closely misses something.
Your hound is engulfed in poison gas.
Your hound looks even sicker.
Your hound barely misses something.
There is an open door, spattered with blood here.
Things that are here:
a +0 flail; a ball python corpse; an orc corpse Your hound is engulfed in poison gas.
Your hound looks as sick as possible!
The orc closely misses something.
The phantom attacks as you move away!
The phantom hits you but does no damage.
The phantom attacks as you move away! The phantom barely misses you.
The phantom attacks as you move away! The phantom closely misses you.
The phantom attacks as you move away! The phantom barely misses you.
There is a stone staircase leading up here.
The phantom hits you.
* * * LOW HITPOINT WARNING * * *
The phantom blinks!
You blink.
You stop ascending the stairs.
Casting: Call Canine Familiar (quite dangerous; 11% risk of failure)
Confirm with . or Enter, or press ? or * to list all spells.
The spell is quite dangerous to miscast (11% risk of failure)!
Continue anyway?
You feel a surge of power! The phantom closely misses you.
You hit the phantom but do no damage.
The phantom is lightly damaged.
The phantom hits you but does no damage.
Your hound misses the phantom.
Your hound bites the phantom.
The orc hits you with a +0 dagger.
* * * LOW HITPOINT WARNING * * *
The phantom closely misses you.
Your hound bites the phantom but does no damage.
The orc hits you with a +0 dagger.
You die...

#........# #.#############.###
#........# #......#..........#
#...ho...# ######.............
#....)...#######..#.####...#^#
#....o......##..>.#.####.#.#.#
#######)###>##.#.......#.###.#
#.#..h...........#.#..[.
#o#.#.W.o........#.#.#.#
#.#....@#........#.#.#..
#####.#######........#.#.###
#.........o.....#.####.#.#..
#...............#......#.#.#
#......#######...........#..
#............'..........)###
#......#######..........## #
#.....†#######..........# #
#......##......########## #


You could see a phantom (ally target), an orc and a friendly hound (summoned).

Vanquished Creatures
  An adder (D:2)
  2 worms (D:2)
  A dart slug (D:1)
  An orc (D:2)
  2 ball pythons
  4 endoplasms
  A giant cockroach (D:1)
  5 goblins
  4 hobgoblins
  2 kobolds
  5 bats
  4 rats
32 creatures vanquished.

Vanquished Creatures (collateral kills)
  A dart slug (D:1)
  An orc (D:2)
  An endoplasm (D:2)
  2 giant cockroaches (D:1)
  A goblin (D:1)
  A kobold (D:1)
  A quokka (D:1)
  A ball python (D:1)
  A frilled lizard (D:1)
  A rat (D:2)
11 creatures vanquished.

Grand Total: 43 creatures vanquished

Notes
Turn   | Place    | Note
-------+----------+-------------------------------------------
     0 | D:1      | kingofthe the Merfolk Summoner began the quest for the Orb.
     0 | D:1      | Reached XP level 1. HP: 13/13 MP: 3/3
   566 | D:1      | Reached XP level 2. HP: 18/19 MP: 3/5
  1310 | D:1      | Reached XP level 3. HP: 24/24 MP: 4/6
  1314 | D:1      | Learned a level 3 spell: Call Canine Familiar
  2351 | D:2      | Reached XP level 4. HP: 28/30 MP: 5/7
  2632 | D:2      | Noticed a phantom
  2672 | D:2      | HP: 1/30 [orc/+0 dagger (1)]
  2673 | D:2      | Slain by an orc

Illustrated notes

Levels and vault maps discovered:
D:1:      ebering_trefoil_3fold, layout_basic, st_stairs_12, nicolae_wormholes
D:2:      layout_basic

Skill      XL: |  1  2  3 |
---------------+----------+-----
Dodging        | 3 |  3.6
Stealth        | 3 |  3.0
Spellcasting   | |  2.6
Summonings     | |  4.5

Action                   |  1- 3 |  4- 6 || total
-------------------------+-------+-------++-------
Melee: Unarmed           |    31 |       ||    31
       Spear             |   142 |    24 ||   166
       Punch             |     1 |       ||     1
       Tailslap          |     1 |       ||     1
 Cast: Summon Small Mamm |    25 |     1 ||    26
       Call Canine Famil |       |     4 ||     4
  Use: Scroll            |       |     1 ||     1
       Potion            |       |     1 ||     1
 Stab: Sleeping          |    10 |     1 ||    11
       Distracted        |     1 |       ||     1
Armor: Robe              |    38 |    17 ||    55
Dodge: Dodged            |    86 |    24 ||   110
